 Dungeon Crawl Stone Soup version 0.31-a0-23-gcbde74481b (webtiles) character file.

Game seed: 14268281734327999525

335 pk666 the Magician (level 6, -6/32 HPs)
             Began as a Deep Elf Hedge Wizard on May 13, 2023.
             Was an Initiate of Vehumet.
             Splashed by a jelly's acid (8 damage)
             ... on level 5 of the Dungeon.
             The game lasted 00:13:54 (6112 turns).

pk666 the Magician (Deep Elf Hedge Wizard)          Turns: 6112, Time: 00:13:54

Health: -6/32      AC: -2    Str:  7    XL:     6   Next: 28%
Magic:  10/16      EV: 12    Int: 21    God:    Vehumet [......]
Gold:   181        SH:  5    Dex: 14    Spells: 8/16 levels left

rFire   . . .        a - +0 dagger
rCold   . . .        (no shield)
rNeg    . . .        b - +0 robe
rPois   +            c - +0 hat
rElec   .            (no cloak)
rCorr   .            (no gloves)
SInv    .            (no boots)
Will    +....        o - amulet of reflection
Stlth   ++           y - ring of poison resistance
HPRegen 0.25/turn    w - ring of willpower
MPRegen 0.15/turn

%: reflection
@: corroded, studying Armour
A: no striking features
a: Renounce Religion


You were on level 5 of the Dungeon.
You worshipped Vehumet.
Vehumet was noncommittal.
You visited 2 branches of the dungeon, and saw 7 of its levels.

You collected 181 gold pieces.

Inventory:

Hand Weapons
 a - a +0 dagger (weapon)
Armour
 b - a +0 robe (worn)
 c - a +0 hat (worn)
Magical Staves
 m - a staff of earth
Jewellery
 o - an amulet of reflection (around neck)
 s - a +6 ring of strength
 w - a ring of willpower (right hand)
 y - a ring of poison resistance (left hand)
Wands
 l - a wand of iceblast (18)
 t - a wand of charming (7)
 v - a wand of flame (25)
Scrolls
 e - 6 scrolls of identify
 g - 2 scrolls of amnesia
 h - 2 scrolls of vulnerability {unknown}
 i - a scroll of torment {unknown}
 k - a scroll of brand weapon {unknown}
 p - a scroll of blinking {unknown}
 r - 2 scrolls of fear {unknown}
 x - a scroll of poison {unknown}
Potions
 d - a potion of magic
 f - a potion of cancellation {unknown}
 j - 2 potions of curing
 n - 2 potions of haste {unknown}
 q - 2 potions of lignification {unknown}
 u - a potion of resistance {unknown}
 z - a potion of heal wounds {unknown}


   Skills:
 - Level 2.4 Dodging
 - Level 2.4 Stealth
 + Level 5.8 Spellcasting
 + Level 3.2 Conjurations
 - Level 1.1 Summonings
 + Level 3.3 Translocations
 * Level 2.5 Air Magic
 * Level 2.5 Poison Magic


You had 8 spell levels left.
You knew the following spells:

 Your Spells              Type           Power      Damage    Failure   Level
a - Magic Dart            Conj           76%        1d6       2%          1
b - Blink                 Tloc           40%        N/A       3%          2
c - Mephitic Cloud        Conj/Pois/Air  17%        N/A       10%         3
d - Poisonous Vapours     Pois/Air       32%        N/A       5%          2

Your spell library contained the following spells:

 Spells                   Type           Power      Damage    Failure   Level
 Shock                    Conj/Air       72%        1d7       3%          1
 Kiss of Death            Conj/Necr      48%        2d9       4%          1
 Cigotuvi's Dreadful Rot  Necr/Pois/Air  26%        N/A       8%          2
 Necrotise                Necr           24%        1d5       10%         1
 Slow                     Hex            24%        N/A       10%         1
 Call Imp                 Summ           20%        N/A       10%         2
 Swiftness                Air            16%        N/A       11%         3
 Summon Guardian Golem    Hex/Summ       8%         N/A       24%         3
 Passage of Golubria      Tloc           20%        N/A       26%         4
 Vampiric Draining        Necr           6%         2d6       30%         3
 Airstrike                Air            8%         2d(2-18)  34%         4
 Freezing Cloud           Conj/Ice/Air   7%         6-21      77%         5
 Agony                    Necr           6%         N/A       95%         5
 Malign Gateway           Summ/Tloc      7%         N/A       100%        7
 Orb of Destruction       Conj           9%         9d6       100%        7
 Spellforged Servitor     Conj/Summ      7%         N/A       100%        7


Dungeon Overview and Level Annotations

Branches:
Dungeon (6/15)             Temple (1/1) D:4

Altars:
Cheibriados
Elyvilon
Fedhas
Gozag
Makhleb
Nemelex Xobeh
Qazlal
Ru
Sif Muna
Trog
Uskayaw
Vehumet
Xom
Zin
The Shining One

Shops:
D:1 (

Annotations:
D:5 1 runed translucent door, exclusion: ice beast, Crazy Yiuf, Edmund


Message History

Confirm with . or Enter, or press ? or * to list all spells.
The spell is quite dangerous to miscast (10% risk of failure)!
Continue anyway?
Aiming: Mephitic Cloud (quite dangerous; 10% risk of failure)
Press: ? - help, Shift-Dir - straight line, f/p - hound
Aim: a hound (chance to affect: 86%)
You miscast Mephitic Cloud.
Nothing appears to happen.
You block the hound's attack. The hound completely misses you.
Casting: Mephitic Cloud (quite dangerous; 10% risk of failure)
Confirm with . or Enter, or press ? or * to list all spells.
The spell is quite dangerous to miscast (10% risk of failure)!
Continue anyway? [Y]es or [N]o only, please.
The spell is quite dangerous to miscast (10% risk of failure)!
Continue anyway?
Aiming: Mephitic Cloud (quite dangerous; 10% risk of failure)
Press: ? - help, Shift-Dir - straight line, f/p - hound
Aim: a hound (chance to affect: 86%)
The ball explodes into a vile cloud!
The stinking cloud engulfs the hound but does no damage.
The stinking cloud engulfs the ice beast but does no damage.
The stinking cloud engulfs you but does no damage.
You hear a shout!
The hound is engulfed in noxious fumes.
The hound appears confused.
The hound is engulfed in noxious fumes.
The hound appears confused.
The hound is engulfed in noxious fumes.
You see here 16 gold pieces.
The hound closely misses the ice beast.
The hound closely misses itself.
The hound bites itself.
The hound bites the ice beast but does no damage.
The hound barely misses itself.
A jelly comes into view.
The jelly moves out of view.
An ogre comes into view. It is wielding a +0 giant club.
Your magical contamination has completely faded away.
The jelly attacks as you move away! The jelly hits you. The acid corrodes you!
You are splashed with acid!
* * * LOW HITPOINT WARNING * * *
The ogre attacks as you move away! You block the ogre's attack.
The jelly attacks as you move away! The jelly hits you.
* * * LOW HITPOINT WARNING * * *
You are splashed with acid!
You die...

.....## ##.# ..l..#
#.# .....# #l# .....#
#.# .....# #Y# .....#
####.# ####...
#..#8...##### #E# ...
.......O....## #### ..
####8..J@....# ...#
...............# ...#
...............#
...###.####..........#
###....# ####.###..##
#E#....# #... .##
###..## ...## .#
.....#####.#.# .#
..Y..........


You could see an ice beast, an ogre, an iguana and a jelly.

Vanquished Creatures
  A scorpion (D:4)
  A gnoll bouda (D:5)
  A sleepcap (D:6)
  An iguana (D:4)
  Ijyb (D:4)
  3 gnolls (D:5)
  4 adders
  An ufetubus (D:3)
  2 worms
  2 dart slugs
  4 orcs
  11 bats
  7 endoplasms
  A giant cockroach (D:2)
  2 hobgoblins
  6 jackals
  4 kobolds
  4 quokkas
  8 ball pythons
  4 frilled lizards
  5 goblins
  24 rats
97 creatures vanquished.

Notes
Turn   | Place    | Note
-------+----------+-------------------------------------------
     0 | D:1      | pk666 the Deep Elf Hedge Wizard began the quest for the
                  | Orb.
     0 | D:1      | Reached XP level 1. HP: 10/10 MP: 7/7
   133 | D:1      | Found Rumotz's Antique Weapon Shop.
   385 | D:1      | Reached XP level 2. HP: 15/15 MP: 4/9
  1348 | D:2      | Reached skill level 5 in Spellcasting
  1348 | D:2      | Reached XP level 3. HP: 15/19 MP: 1/11
  1806 | D:2      | Got the Encyclopedia of Dislocated Hurting
  3052 | D:3      | Reached XP level 4. HP: 24/24 MP: 11/13
  3243 | D:3      | Learned a level 3 spell: Mephitic Cloud
  3246 | D:3      | Learned a level 2 spell: Poisonous Vapours
  3254 | D:3      | Learned a level 2 spell: Blink
  4013 | D:4      | Noticed a scorpion
  4308 | D:4      | Reached skill level 1 in Air Magic
  4308 | D:4      | Reached skill level 1 in Poison Magic
  4359 | D:4      | Reached XP level 5. HP: 28/28 MP: 11/15
  4578 | D:4      | Noticed Ijyb
  4970 | D:4      | Identified the +3 ring mail of Roceokhio {Rampage rF+}
  5022 | D:4      | Found a sacrificial altar of Ru.
  5144 | D:4      | Found a staircase to the Ecumenical Temple.
  5153 | Temple   | Entered the Ecumenical Temple
  5206 | Temple   | Became a worshipper of Vehumet
  5420 | D:4      | Killed Ijyb
  5569 | D:5      | Entered Level 5 of the Dungeon
  5586 | D:5      | Reached XP level 6. HP: 28/32 MP: 4/16
  5800 | D:5      | Found a runed translucent door.
  5800 | D:5      | Noticed Edmund
  5801 | D:5      | Noticed Crazy Yiuf
  5835 | D:5      | Noticed an ice beast
  5922 | D:5      | Noticed a water moccasin
  5932 | D:6      | Noticed a sky beast
  6060 | D:5      | Noticed an ice beast
  6069 | D:5      | Found a stormy altar of Qazlal.
  6070 | D:5      | Noticed an air elemental
  6070 | D:5      | Noticed a water elemental
  6070 | D:5      | Noticed a fire elemental
  6112 | D:5      | Splashed by a jelly's acid

Illustrated notes

Levels and vault maps discovered:
D:1:      wander_arrival_fairy_ring, layout_loops_corners, serial_shops,
          nicolae_shop_dealshenge, dk_noncrumbling_4
D:2:      layout_basic, chequers_serial_rivers_marsh, hangedman_decor_growths
D:3:      layout_loops_ring, chequers_serial_rivers_room_a, minmay_rat_hole
D:4:      layout_rooms, kennysheep_little_box, minmay_temple_entry_antechambers,
          grunt_decor_one_mirror, uniq_ijyb
D:5:      layout_rooms, jmf_multi_god_temple2, nicolae_qazlal_style_of_elements,
          minmay_diced_spiral, uniq_crazy_yiuf_cottage, uniq_edmund
D:6:      layout_gridville, cheibrodos_ashenzari_chains
Temple:   dshaligram_water_room_temple

Skill      XL: |  1  2  3  4  5 |
---------------+----------------+-----
Conjurations   | 2 3 |  3.2
Translocations | 2 3 |  3.3
Spellcasting   | 5 |  5.8
Air Magic      | 1 2 |  2.5
Poison Magic   | 1 2 |  2.5
Dodging        | |  2.4
Stealth        | |  2.4
Summonings     | |  1.1

Action                     |  1- 3 |  4- 6 || total
---------------------------+-------+-------++-------
  Melee: Dagger            |       |    17 ||    17
   Cast: Magic Dart        |   139 |   180 ||   319
         Blink             |       |     4 ||     4
         Poisonous Vapours |       |     1 ||     1
         Mephitic Cloud    |       |     9 ||     9
    Use: Potion            |       |     1 ||     1
         Scroll            |       |     1 ||     1
   Stab: Confused          |       |     3 ||     3
 Armour: Robe              |     4 |     6 ||    10
  Dodge: Dodged            |    14 |    36 ||    50
  Block: Other             |       |    14 ||    14

Table legend: (Time is in decaauts)
 A = Elapsed time spent in this place.
 B = Non-inter-level travel time spent in this place.
 C = Inter-level travel time spent in this place.
 D = Time resting spent in this place.
 E = Time spent auto-exploring this place.
 F = Levels seen in this place.
 G = Mean time per level.
                   A        B        C        D        E       F      G
               +--------+--------+--------+--------+--------+-----+--------+
         Total |   6118 |   5763 |    355 |   1466 |   3484 |   7 |  874.0 |
       Dungeon |   5979 |   5646 |    333 |   1466 |   3388 |   6 |  996.5 |
        Temple |    138 |    116 |     22 |      0 |     96 |   1 |  138.0 |
               +--------+--------+--------+--------+--------+-----+--------+

Top non-repeatable levels by time:
     D:3: 1681 daAuts
     D:2: 1395 daAuts
     D:1: 1325 daAuts
     D:4: 1141 daAuts
     D:5: 301 daAuts
  Temple: 138 daAuts
     D:6: 134 daAuts
